Map: Acid Plant LE

Players

BootyJorts - Winner!

  • Race: Zerg Zerg
  • League: Diamond
  • Spawn Location: 11:00

blakey

  • Race: Terran Terran
  • League: Diamond
  • Spawn Location: 5:00

VOD

Have the link to the VOD?

Description

Time

  • Played on: May 10, 2018, 9:41 p.m.
  • Length: 18:12
Show
View Real Time Build Order
Export as new Build Order

BootyJorts Zerg - Winner!

Build Orders: Hatch First 

Get SALT Encoding   

  12  0:01  Drone  
  13  0:12  Overlord  
  13  0:17  Drone  
  14  0:30  Drone x2  
  14  0:35  Drone  
  17  0:53  Hatchery  
  17  0:56  Drone  
  17  0:59  Drone  
  18  1:10  Extractor  
  17  1:15  Spawning Pool  
  17  1:17  Drone  
  17  1:21  Drone  
  18  1:27  Drone  
  19  1:42  Drone  
  20  1:52  Overlord  
  20  2:02  Queen  
  20  2:05  Queen  
  20  2:06  Zergling x4  
  26  2:10  Metabolic Boost  
  26  2:12  Drone  
  27  2:20  Drone  
  27  2:22  Drone  
  29  2:32  Drone  
  29  2:33  Drone  
  29  2:35  Extractor  
  30  2:43  Spore Crawler  
  30  2:51  Lair  
  30  2:53  Drone x3, Extractor  
  30  2:54  Overlord  
  33  3:06  Drone x2  
  35  3:13  Drone  
  36  3:23  Drone x8  
  44  3:30  Overlord  
  44  3:54  Infestation Pit  
  43  3:57  Drone x2, Extractor  
  43  3:58  Extractor  
  43  4:02  Zergling x2  
  44  4:03  Zergling x6  
  44  4:07  Queen  
  44  4:09  Overlord  
  49  4:13  Drone  
  49  4:16  Spore Crawler  
  49  4:19  Spore Crawler, Drone  
  49  4:20  Drone  
  49  4:22  Drone x2  
  52  4:28  Drone  
  52  4:29  Drone x3  
  56  4:35  Pathogen Glands  
  56  4:45  Overlord x2  
  56  4:46  Extractor  
  56  4:50  Hatchery  
  54  4:54  Extractor  
  54  4:59  Overlord x2  
  53  5:09  Evolution Chamber  
  53  5:13  Evolution Chamber  
  51  5:18  Roach Warren  
  51  5:20  Drone x5  
  51  5:21  Drone  
  56  5:23  Infestor  
  56  5:24  Infestor  
  56  5:27  Infestor  
  62  5:29  Infestor  
  62  5:33  Drone x2  
  66  5:37  Infestor  
  65  6:01  Roach x9  
  82  6:07  Drone  
  82  6:08  Drone x2  
  85  6:19  Glial Reconstitution, Zerg Missile Weapons Level 1, Zerg Ground Armor Level 1  
  85  6:35  Drone x3  
  85  6:36  Drone  
  85  6:37  Overlord x4  
  89  6:52  Nydus Network  
  86  7:14  Roach x9  
  104  7:17  Neural Parasite  
  104  7:21  Overlord x3  
  104  7:39  Spine Crawler  
  104  7:40  Roach x5  
  104  7:42  Spine Crawler  
  112  7:58  Drone  
  112  7:59  Drone x8  
  121  8:08  Infestor x2  
  125  8:25  Zerg Missile Weapons Level 2  
  125  8:26  Zerg Ground Armor Level 2, Extractor  
  124  8:27  Hatchery  
  124  8:28  Infestor x2  
  124  8:31  Extractor  
  124  8:32  Drone x3  
  124  8:33  Drone x2  
  131  8:38  Spine Crawler  
  130  8:41  Drone x3  
  130  8:43  Drone x2  
  130  8:44  Drone  
  136  8:59  Hive, Pneumatized Carapace  
  136  9:08  Overlord x3  
  145  9:17  Overlord x2  
  163  9:36  Overseer  
  163  9:41  Overlord x3  
  163  9:49  Spire  
  163  9:50  Drone  
  163  9:51  Drone x4  
  167  9:59  Nydus Canal  
  185  10:30  Swarm Host x2  
  200  10:44  Nydus Canal  
  200  10:56  Burrow  
  200  10:59  Nydus Canal  
  184  11:47  Corruptor x8  
  182  12:43  Greater Spire  
  152  13:16  Zergling x4  
  152  13:17  Zergling x22  
  165  13:34  Drone  
  163  13:53  Roach  
  163  13:54  Roach x10  
  185  14:07  Hatchery  
  184  14:13  Infestor  
  184  14:14  Infestor x2  
  200  14:19  Hatchery  
  189  14:25  Brood Lord x5  
  189  14:30  Hatchery  
  188  15:11  Brood Lord  
  188  15:12  Brood Lord  
  192  15:14  Infestor  
  164  16:18  Corruptor  
  160  16:19  Corruptor x17  
  196  18:03  Extractor  
  196  18:05  Extractor  
Show
View Real Time Build Order
Export as new Build Order

blakey Terran 

Build Orders: Reaper Expand, Mech 

Get SALT Encoding   

  12  0:01  SCV  
  13  0:13  SCV  
  14  0:17  Supply Depot  
  14  0:25  SCV  
  14  0:28  Refinery  
  15  0:39  SCV  
  16  0:45  Barracks  
  16  0:51  SCV  
  17  1:03  SCV  
  18  1:15  SCV  
  19  1:32  Orbital Command  
  19  1:33  Reaper  
  20  1:45  Command Center  
  20  1:55  Factory  
  20  1:58  SCV  
  21  2:07  Refinery, Barracks Reactor  
  21  2:16  Supply Depot  
  21  2:23  SCV  
  22  2:35  SCV  
  23  2:47  SCV  
  24  2:55  Starport  
  24  2:57  Orbital Command  
  24  2:59  Hellion  
  24  3:00  Barracks Tech Lab, SCV  
  24  3:01  Hellion  
  29  3:12  SCV  
  30  3:15  Supply Depot  
  30  3:24  SCV  
  30  3:25  Hellion x2  
  35  3:28  SCV  
  36  3:39  Supply Depot  
  36  3:41  SCV x2  
  38  3:43  Viking  
  40  3:53  SCV  
  41  4:04  Command Center  
  41  4:05  Hellion  
  43  4:17  Factory  
  43  4:19  Factory  
  43  4:27  Hellion x2  
  43  4:30  SCV x2  
  49  4:37  Refinery  
  49  4:39  Refinery  
  49  4:51  Armory  
  49  4:54  Armory  
  49  4:58  Supply Depot  
  49  5:12  Supply Depot  
  49  5:17  Orbital Command, SCV x2  
  51  5:22  Supply Depot  
  51  5:29  SCV x2  
  51  5:34  Factory Tech Lab x2  
  55  5:36  Hellion x2  
  55  5:41  SCV x2  
  59  5:53  SCV  
  66  5:59  SCV  
  66  6:00  SCV  
  68  6:05  SCV  
  68  6:06  Thor x2  
  68  6:09  Hellion x2  
  79  6:12  SCV x2  
  79  6:17  SCV  
  82  6:21  Terran Vehicle Weapons Level 1, Terran Vehicle And Ship Armor Level 1  
  82  6:24  SCV  
  55  6:25  Orbital Command  
  83  6:33  SCV  
  84  6:45  Hellion x2  
  84  6:46  Raven  
  90  6:48  Supply Depot  
  90  6:54  Siege Tank  
  90  6:55  Siege Tank  
  89  7:10  Hellion x2  
  89  7:11  Supply Depot  
  93  7:30  Engineering Bay, Siege Tank x2  
  93  7:31  Factory x2  
  93  7:32  Hellion x2  
  93  7:33  Supply Depot  
  103  7:48  SCV x3  
  98  8:00  SCV x3  
  104  8:05  Siege Tank x2  
  104  8:07  Cyclone x2  
  104  8:12  SCV x3  
  116  8:24  SCV, Missile Turret x2  
  116  8:26  Missile Turret  
  117  8:28  Missile Turret x2  
  117  8:30  Factory Tech Lab  
  117  8:31  Missile Turret, Factory Reactor  
  117  8:33  Missile Turret, Infernal Pre-Igniter  
  117  8:35  SCV x2, Missile Turret  
  117  8:39  SCV  
  120  8:50  Siege Tank  
  123  8:57  Missile Turret  
  123  8:59  Supply Depot  
  123  9:01  Supply Depot x2  
  123  9:04  Supply Depot  
  123  9:12  Hellion  
  125  9:21  Siege Tank x2, Hellion  
  125  9:23  Siege Tank, Hellion x2  
  140  9:28  SCV x3  
  143  9:33  Refinery  
  143  9:34  Refinery  
  143  9:41  Hellion, Missile Turret  
  145  9:46  Command Center  
  145  9:53  Siege Tank x2  
  145  9:54  SCV x3  
  154  10:04  Hellion  
  156  10:07  Terran Vehicle Weapons Level 2  
  156  10:08  Terran Vehicle And Ship Armor Level 2  
  156  10:09  Siege Tank, Hellion x3  
  156  10:12  Hellion x12  
  165  10:18  Supply Depot  
  165  10:23  Supply Depot  
  161  10:43  Missile Turret  
  161  10:47  Missile Turret, Supply Depot, SCV x3  
  161  10:49  Missile Turret  
  164  10:53  Siege Tank, Hellion x4  
  164  10:56  Missile Turret  
  175  10:59  SCV x3  
  175  11:00  Missile Turret  
  175  11:02  Missile Turret  
  176  11:11  SCV  
  177  11:20  Siege Tank x2  
  117  11:36  Siege Tank  
  117  11:37  Hellion  
  117  11:38  Hellion x3  
  101  11:52  Siege Tank x2  
  101  11:54  Planetary Fortress, Refinery  
  107  11:55  Refinery  
  107  11:59  Command Center  
  107  12:08  Siege Tank  
  105  12:10  Factory  
  105  12:13  Factory  
  87  12:24  Siege Tank x2  
  86  12:36  Hellion x3  
  83  12:40  Siege Tank  
  82  12:45  Hellion  
  81  12:52  Starport  
  81  12:54  Starport  
  81  12:56  Siege Tank  
  79  12:59  Starport  
  79  13:00  Hellion  
  79  13:01  Hellion x2  
  78  13:13  Hellion x3  
  76  13:34  Hellion x2  
  80  13:36  Starport Reactor x2  
  80  13:39  Starport Reactor  
  80  13:45  Hellion x2  
  80  13:46  Siege Tank x3  
  87  13:51  Terran Vehicle Weapons Level 3  
  87  13:53  SCV  
  64  14:14  SCV x3  
  67  14:25  Hellion x4  
  67  14:26  SCV x2  
  67  14:27  SCV  
  78  14:44  Siege Tank x2  
  83  14:50  Hellion, Orbital Command  
  78  15:16  Factory Reactor  
  78  15:17  Factory Reactor  
  78  15:19  Viking x3  
  78  15:20  Viking  
  56  15:54  Viking x3  
  61  16:01  Viking  
Tags
 
Add a new tag
Caveats
  • Supply blocks, unpowered buildings, or Contaminate may cause inaccurate times.
  • Supply counts are checked every 10 seconds.